 Dungeon Crawl Stone Soup version 0.29-a0-925-g0a7a3d12f8 (webtiles) character file.

Game seed: 16396868540090427222

79 Newt the Twirler (level 4, 0/37 HPs)
             Began as a Meteoran Gladiator on July 28, 2022.
             Slain by a gnoll
             ... wielding a +0 halberd
              (10 damage)
             ... on level 3 of the Dungeon.
             The game lasted 00:03:00 (1590 turns).

Newt the Twirler (Meteoran Gladiator)               Turns: 1590, Time: 00:03:00

Health: 0/37       AC:  7    Str: 17    XL:     4   Next: 96%
Magic:  5/5        EV: 13    Int:  9    God:
Gold:   81         SH:  0    Dex: 16    Spells: 3/3 levels left

rFire   . . .      SeeInvis .   a - +0 quarterstaff
rCold   . . .      Faith    .   (shield currently unavailable)
rNeg    . . .      Spirit   .   b - +0 leather armour
rPois   .          Reflect  .   c - +1 helmet
rElec   .          Harm     .   n - +0 cloak
rCorr   .          Rampage  .   (no gloves)
Will    .....                   r - +0 pair of boots
Stlth   +.........              (no amulet)
HPRegen 0.12/turn               (no ring)
MPRegen 0.09/turn               (no ring)

@: glowing
A: sense surroundings 1, otherworldly, glowing, explore regen
a: no special abilities


You were on level 3 of the Dungeon.
You visited 1 branch of the dungeon, and saw 4 of its levels.

You collected 81 gold pieces.

Inventory:

Hand Weapons
 a - a +0 quarterstaff (weapon)
Missiles
 d - 3 throwing nets (quivered)
 e - a javelin
Armour
 b - a +0 leather armour (worn)
 c - a +1 helmet (worn)
 n - a +0 cloak (worn)
 r - a +0 pair of boots (worn)
Wands
 l - a wand of charming (2)
Scrolls
 f - a scroll of identify {unknown}
 g - a scroll of summoning {unknown}
 i - a scroll of blinking {unknown}
 m - a scroll of enchant armour
 p - a scroll of teleportation {unknown}
 q - a scroll of magic mapping {unknown}
Potions
 h - 3 potions of haste {unknown}
 j - a potion of flight {unknown}
 k - a potion of ambrosia {unknown}
 o - 2 potions of heal wounds


   Skills:
 + Level 2.6 Fighting
 + Level 5.0 Staves
 + Level 2.7 Throwing
 + Level 0.9 Armour
 + Level 4.4 Dodging


You had 3 spell levels left.
You didn't know any spells.
Your spell library contained the following spells:

 Spells                   Type           Power      Damage    Failure   Level
 Summon Forest            Summ/Tloc      0%         N/A       100%        5
 Eringya's Noxious Bog    Tmut/Pois      0%         N/A       100%        6
 Summon Hydra             Summ           0%         N/A       100%        7


Dungeon Overview and Level Annotations

Branches:
Dungeon (4/15) Zot: 798
 Temple: D:4-7

Altars:
Zin


Innate Abilities, Weirdness & Mutations

You passively map a small area around you.
You are easily found by Zot.
You glow in the dark.
You regain HP and MP as you explore.


Message History

The ball python bites you. The ball python constricts you.
Unknown command.
You escape the ball python's grasp.
The orc hits you with a +0 dagger.
There is a stone staircase leading up here.
The orc priest closely misses you. The orc hits you but does no damage.
You climb upwards.
Reactivating autopickup.
There is a stone staircase leading down here.
The orc priest completely misses you. The orc attacks as you move away!
The orc barely misses you.
You hit the orc priest.
The orc priest is severely wounded.
You hit the orc.
The orc is heavily wounded.
The orc priest looks encouraged for a moment.
You closely miss the orc.
The orc is heavily wounded.
The gnoll hits you from afar with a +0 halberd!
The orc closely misses you.
You hit the orc but do no damage.
The orc is heavily wounded.
The gnoll misses you. The orc closely misses you.
You closely miss the orc.
The orc is heavily wounded.
The gnoll hits you from afar with a +0 halberd.
The orc hits you but does no damage.
You sock the orc!
You kill the orc!
The gnoll hits you from afar with a +0 halberd.
* * * LOW HITPOINT WARNING * * *
You closely miss the orc priest.
The orc priest is severely wounded.
The gnoll completely misses you. The orc priest barely misses you.
You barely miss the orc priest.
The orc priest is severely wounded.
The gnoll misses you. The orc priest closely misses you.
You sock the orc priest!
You kill the orc priest!
The gnoll hits you from afar with a +0 halberd!
You die...

* #...........# #...# *
#......†...###.#.#####
#.........#..........
##..###...##..##.#### # *
#..#####.##..##.# #.###
#...####..#...#.#
#....##.#...###)##....####
*#...g###.# #....#......
##g>g@..# ####)##..##.
#g####.# #.....# *
#######.###########.##..###
#..........................
###....###g..######)###...#
####........# #.# ##..#
##.......g## #.# ...
#..........####.# .##
#.........g...#.# *.#


You could see 4 gnolls.

Vanquished Creatures
  An orc priest (D:3)
  2 adders
  2 ufetubi (D:4)
  A dart slug (D:3)
  An orc (D:3)
  6 bats
  An endoplasm (D:2)
  3 giant cockroaches
  2 goblins (D:1)
  2 hobgoblins
  4 jackals (D:1)
  5 kobolds
  7 quokkas
  2 ball pythons (D:1)
  3 frilled lizards
  3 rats
45 creatures vanquished.

Notes
Turn   | Place    | Note
-------+----------+-------------------------------------------
     0 | D:1      | Newt the Meteoran Gladiator began the quest for the Orb.
     0 | D:1      | Reached XP level 1. HP: 17/17 MP: 2/2
    50 | D:1      | Reached XP level 2. HP: 24/24 MP: 3/3
    78 | D:1      | Reached skill level 4 in Staves
   168 | D:1      | Reached XP level 3. HP: 30/30 MP: 4/4
   521 | D:2      | Reached XP level 4. HP: 35/37 MP: 5/5
   550 | D:2      | Found a glowing silver altar of Zin.
  1092 | D:2      | Glimpsed the power of Zot.
  1113 | D:3      | Found a faded altar of an unknown god.
  1571 | D:4      | Reached skill level 5 in Staves
  1590 | D:3      | Slain by a gnoll

Illustrated notes

Levels and vault maps discovered:
D:1:      nagdon_arrival_zigzag_paths, layout_basic
D:2:      layout_loops_ring, basic_altar, minmay_close_crescents
D:3:      layout_rooms, ebering_ecumenical_altar_mist
D:4:      layout_rooms, okawaru_altar_gauntlet_db, minmay_crossroads

Skill      XL: |  1  2  3  4 |
---------------+-------------+-----
Staves         | 4 5 |  5.0
Dodging        | 4 |  4.4
Fighting       | |  2.6
Throwing       | |  2.7
Armour         | |  0.9

Action                   |  1- 3 |  4- 6 || total
-------------------------+-------+-------++-------
Melee: Quarterstaff      |    62 |    77 ||   139
  Use: Scroll            |       |     1 ||     1
       Potion            |       |     1 ||     1
Armor: Leather armour    |    21 |    43 ||    64
Dodge: Dodged            |    47 |    63 ||   110

Table legend: (Time is in decaauts)
 A = Elapsed time spent in this place.
 B = Non-inter-level travel time spent in this place.
 C = Inter-level travel time spent in this place.
 D = Time resting spent in this place.
 E = Time spent auto-exploring this place.
 F = Levels seen in this place.
 G = Mean time per level.
                   A        B        C        D        E       F      G
               +--------+--------+--------+--------+--------+-----+--------+
         Total |   1600 |   1259 |    341 |      0 |    926 |   4 |  400.0 |
       Dungeon |   1600 |   1259 |    341 |      0 |    926 |   4 |  400.0 |
               +--------+--------+--------+--------+--------+-----+--------+

Top non-repeatable levels by time:
     D:2: 964 daAuts
     D:1: 417 daAuts
     D:3: 198 daAuts
     D:4: 20 daAuts
